 Dungeon Crawl Stone Soup version 0.17-a0-2002-g92c7e20 (webtiles) character file.

437 4thArraOfDagon the Firebug (level 7, -3/46 HPs)
             Began as a Human Fire Elementalist on Oct 8, 2015.
             Was an Initiate of Vehumet.
             Hit by a stone thrown by an orc warrior (17 damage)
             ... on level 9 of the Dungeon.
             The game lasted 00:11:04 (1616 turns).

4thArraOfDagon the Firebug (HuFE)                   Turns: 1616, Time: 00:11:04

Health: -3/46      AC:  5    Str:  9    XL:     7   Next: 21%
Magic:  2/12       EV: 12    Int: 17    God:    Vehumet [......]
Gold:   121        SH:  0    Dex: 13    Spells: 3 memorised, 5 levels left

rFire  . . .     SeeInvis .     e - +2 dagger (venom)
rCold  . . .     Clarity  .     a - +0 robe
rNeg   . . .     SustAt   .     (no shield)
rPois  .         Gourm    .     (helmet restricted)
rElec  .         Spirit   .     (no cloak)
rCorr  .         Warding  .     h - +2 pair of gloves
rMut   .         Stasis   .     (no boots)
MR     .....                    (no amulet)
Stlth  ++........               (no ring)
                                (no ring)

@: marked, very slightly contaminated, not resistant to hostile enchantments,
unstealthy
A: horns 2
a: Renounce Religion


You were on level 9 of the Dungeon.
You worshipped Vehumet.
Vehumet was noncommittal.
You were hungry.

You visited 1 branch of the dungeon, and saw 9 of its levels.

You collected 121 gold pieces.

Inventory:

Hand Weapons
 d - a +0 club
 e - a +2 dagger of venom (weapon)
Armour
 a - a +0 robe (worn)
 h - a +2 pair of gloves (worn)
 m - the +4 chain mail of Dentuhiw {rF+ rC+ Dex+4}
   (You found it on level 7 of the Dungeon)

   It affects your dexterity (+4).
   It protects you from fire.
   It protects you from cold.
Jewellery
 s - an uncursed ring of ice
Wands
 k - a wand of digging (24)
Scrolls
 g - a scroll of remove curse
 j - 4 scrolls of recharging
 q - a scroll of enchant weapon {unknown}
 t - a scroll of blinking {unknown}
Potions
 i - a potion of curing {unknown}
 l - a potion of heal wounds {unknown}
 p - a potion of lignification {unknown}
Books
 b - a book of Flames

   Spells                             Type                      Level
   a - Flame Tongue                   Conjuration/Fire             1
   b - Throw Flame                    Conjuration/Fire             2
   c - Conjure Flame                  Conjuration/Fire             3
   d - Inner Flame                    Hexes/Fire                   3
   e - Sticky Flame                   Conjuration/Fire             4
   f - Fireball                       Conjuration/Fire             5
Comestibles
 c - 2 bread rations
 f - a beef jerky
 n - a chunk of flesh
 o - a meat ration
 r - 2 fruits


   Skills:
 - Level 2.0 Dodging
 - Level 2.0 Stealth
 + Level 3.6 Spellcasting
 * Level 4.2 Conjurations
 * Level 5.2 Fire Magic


You had 5 spell levels left.
You knew the following spells:

 Your Spells              Type           Power        Failure   Level  Hunger
a - Flame Tongue          Conj/Fire      ###..        2%          1    None
b - Conjure Flame         Conj/Fire      ###.....     10%         3    ###....
c - Sticky Flame          Conj/Fire      ###.....     24%         4    ####...


Dungeon Overview and Level Annotations

Branches:
Dungeon (9/15)
 Temple: D:4-7         Lair: D:8-11         Orc: D:9-12

Altars:
Ashenzari
Dithmenos
Elyvilon
Fedhas
Kikubaaqudgha
Makhleb
Nemelex Xobeh
Okawaru
Ru
Vehumet
Yredelemnul
The Shining One

Annotations:
D:4 Menkaure


Innate Abilities, Weirdness & Mutations

You have a pair of horns on your head.


Message History

The orc wizard flickers and vanishes!
Deactivating autopickup; reactivate with Ctrl-A.
An orc comes into view. It is wielding a mace.
A hound comes into view.
Unknown command.
The orc hits you with a short sword. The orc closely misses you.
Unknown command.
Unknown command.
Read which item? (? for menu, Esc to quit)
Okay, then.
Unknown command.
The orc hits you with a short sword.
An orc comes into view. It is wielding a mace.
The orc barely misses you.
Unknown command.
An orc and an orc warrior come into view.
The orc hits you with a mace.
Unknown command.
The orc warrior throws a stone.
The stone hits you!
You die...

#..# #.## #)# #o# #.# #o#
#.# ##.######### #.#
###..ooS.....###.#
#.)...ooo......#.#
#####.#.@..h.....#.#.####
#.....#..........#.#.#...
+.#####..........#.'.#.##
# ####.#########..... #.#
###### #...# ###.# .# #


You could see an orc warrior, a hound, an adder and 6 orcs.

Vanquished Creatures
  2 sky beasts
  A big kobold (D:7)
  A jelly (D:6)
  2 orc wizards (D:9)
  An iguana (D:6)
  A hound zombie (D:6)
  2 adders
  3 giant geckos
  11 orcs
  4 bats
  4 giant cockroaches
  3 goblins
  A hobgoblin (D:1)
  A jackal (D:3)
  A quokka (D:2)
  2 giant newts
  9 kobolds
  A quokka zombie (D:5)
  3 rats
53 creatures vanquished.

Vanquished Creatures (others)
  2 kobolds (D:7)
2 creatures vanquished.

Grand Total: 55 creatures vanquished

Notes
Turn   | Place    | Note
--------------------------------------------------------------
     0 | D:1      | 4thArraOfDagon the Human Fire Elementalist began the quest for the Orb.
     0 | D:1      | Reached XP level 1. HP: 13/13 MP: 3/3
     2 | D:1      | Noticed a centaur
     2 | D:1      | Noticed a felid
     4 | D:1      | Noticed a human
     4 | D:1      | Noticed a minotaur
     6 | D:1      | Noticed a demigod
     6 | D:1      | Noticed a vampire
     8 | D:1      | Noticed an ogre
    10 | D:1      | Noticed a formicid
    12 | D:1      | Noticed a demonspawn
    14 | D:1      | Noticed a gargoyle
    14 | D:1      | Noticed a spriggan
    16 | D:1      | Noticed a merfolk
    16 | D:1      | Noticed a naga
    18 | D:1      | Noticed a tengu
    18 | D:1      | Noticed a ghoul
    20 | D:1      | Noticed a dwarf
    22 | D:1      | Noticed an elf
    22 | D:1      | Noticed an octopode
    24 | D:1      | Noticed a vine stalker
    26 | D:1      | Noticed a draconian
    26 | D:1      | Noticed a troll
    80 | D:1      | Reached XP level 2. HP: 8/19 MP: 1/5
   325 | D:3      | Reached XP level 3. HP: 13/24 MP: 6/6
   330 | D:3      | Learned a level 3 spell: Conjure Flame
   413 | D:4      | Noticed an ogre
   477 | D:4      | Noticed Menkaure
   509 | D:5      | Entered Level 5 of the Dungeon
   521 | D:5      | Found a white marble altar of Elyvilon.
   547 | D:6      | Noticed a sky beast
   560 | D:6      | Killed a sky beast
   560 | D:6      | Reached skill level 4 in Fire Magic
   560 | D:6      | Reached XP level 4. HP: 18/30 MP: 5/8
   560 | D:6      | Reached XP level 5. HP: 21/35 MP: 5/9
   572 | D:6      | Learned a level 4 spell: Sticky Flame
   691 | D:6      | Noticed a phantom
   736 | D:6      | Noticed an orc warrior
   858 | D:6      | Reached XP level 6. HP: 26/41 MP: 1/10
   897 | D:7      | Got a smelly chain mail
   915 | D:7      | Found an ancient bone altar of Kikubaaqudgha.
   930 | D:7      | Identified the +4 chain mail of Dentuhiw {rF+ rC+ Dex+4} (You found it on level 7 of the Dungeon)
   973 | D:7      | Found a glowing golden altar of the Shining One.
  1004 | D:7      | Noticed an angel
  1009 | D:7      | Found a basalt altar of Yredelemnul.
  1011 | D:7      | Noticed a profane servitor
  1100 | D:7      | Found a radiant altar of Vehumet.
  1101 | D:7      | Found a shadowy altar of Dithmenos.
  1103 | D:7      | Found a sacrificial altar of Ru.
  1103 | D:7      | Found a burning altar of Makhleb.
  1105 | D:7      | Found a sparkling altar of Nemelex Xobeh.
  1105 | D:7      | Found a shattered altar of Ashenzari.
  1106 | D:7      | Found a blossoming altar of Fedhas.
  1108 | D:7      | Became a worshipper of Vehumet
  1268 | D:8      | Found an iron altar of Okawaru.
  1404 | D:9      | Noticed a sky beast
  1491 | D:9      | Killed a sky beast
  1491 | D:9      | Reached skill level 5 in Fire Magic
  1491 | D:9      | Reached XP level 7. HP: 23/46 MP: 3/12
  1495 | D:9      | Gained mutation: You have a pair of small horns on your head. [mutagenic meat]
  1496 | D:9      | Gained mutation: You have a pair of horns on your head. [mutagenic meat]
  1615 | D:9      | Noticed an orc warrior
  1616 | D:9      | Hit by a stone thrown by an orc warrior

Vault maps used:
D:1:      kb_arrival_jail, grunt_decor_fettered, xom_teletrap_fun
D:2:      nicolae_overflow_hidden_temple
D:3:      uniq_robin
D:4:      first_bread, feat_on_display, uniq_menkaure
D:5:      wad_pebble_path, grunt_decor_mini_mirrors, elyvilon_altar_4,
          uniq_grinder
D:6:      minmay_temple_entry_poolview, uniq_duvessa
D:7:      grunt_temple_overflow_holy_war, kiku_gazebo_pond_becter,
          grunt_temple_overflow_open
D:8:      kennysheep_mini_moat, basic_altar, serial_ice, serial_ice_f,
          serial_ice_e, serial_ice_i, serial_ice_c, grunt_livestock, uniq_psyche
D:9:      trog_ov_bears_minmay, uniq_maurice

Action                   |  1- 3 |  4- 6 |  7- 9 || total
-------------------------+-------+-------+-------++-------
Melee: Dagger            |    36 |    55 |     8 ||    99
 Cast: Flame Tongue      |    23 |    17 |     5 ||    45
       Conjure Flame     |       |     2 |       ||     2
       Sticky Flame      |       |     1 |     2 ||     3
  Use: Scroll            |     2 |     2 |     1 ||     5
 Stab: Sleeping          |     1 |     2 |       ||     3
  Eat: Chunk             |       |     2 |     4 ||     6
